Map: Estación Atlas

Players

MrFercho - Winner!

  • Race: Zerg Zerg
  • League: Gold
  • Spawn Location: 6:00

TATORREA

  • Race: Protoss Protoss
  • League: Gold
  • Spawn Location: 6:00

tigro

  • Race: Terran Terran
  • League: Bronze
  • Spawn Location: 9:00

VOD

Have the link to the VOD?

Description

Time

  • Played on: July 28, 2020, 8:30 p.m.
  • Length: 7:25
Show
View Real Time Build Order
Export as new Build Order

MrFercho Zerg - Winner!

Build Orders: Pool First 

Get SALT Encoding   

  12  0:21  Spawning Pool  
  12  0:22  Drone  
  12  0:26  Drone  
  13  0:31  Drone  
  14  0:40  Overlord  
  14  1:03  Drone x2  
  16  1:12  Zergling x2  
  16  1:17  Zergling x2  
  18  1:26  Queen  
  20  1:33  Zergling x2  
  20  1:38  Drone  
  22  1:52  Hatchery  
  21  2:15  Drone  
  22  2:17  Overlord x2  
  22  2:18  Extractor  
  21  2:36  Zergling x2  
  22  2:39  Zergling x2  
  22  2:40  Zergling x4  
  25  2:44  Drone  
  26  2:53  Drone  
  27  3:06  Drone x2  
  29  3:28  Drone x3  
  29  3:29  Overlord, Drone  
  33  3:36  Zergling x4  
  34  4:00  Zergling x6  
  34  4:01  Zergling x8  
  35  4:12  Drone  
  36  4:20  Queen  
  38  4:26  Metabolic Boost  
  38  4:29  Lair  
  38  4:31  Drone x4  
  40  4:37  Evolution Chamber  
  41  4:55  Zergling x14  
  46  5:25  Zergling x4  
  46  5:26  Zergling x10  
  51  5:40  Zergling x2  
  52  6:01  Overlord x2  
  52  6:02  Overlord x2  
  45  6:21  Zergling x12  
  50  6:27  Hatchery  
  49  6:33  Zergling x8  
  53  6:51  Zergling x2  
  53  6:52  Zergling x14  
  59  7:05  Zergling x4  
Show
View Real Time Build Order
Export as new Build Order

TATORREA Protoss 

Build Orders:  

Get SALT Encoding   

  12  0:05  Probe  
  13  0:17  Probe  
  14  0:28  Pylon  
  14  0:43  Probe (Chrono Boost)  
  15  0:53  Probe (Chrono Boost)  
  16  0:57  Gateway  
  16  0:58  Probe (Chrono Boost)  
  16  1:01  Gateway  
  17  1:08  Assimilator  
  17  1:10  Pylon  
  17  1:11  Probe  
  18  1:23  Probe (Chrono Boost)  
  19  1:32  Probe (Chrono Boost)  
  20  1:35  Assimilator  
  20  1:37  Pylon, Probe (Chrono Boost)  
  21  1:49  Probe  
  21  1:53  Cybernetics Core  
  22  2:01  Probe  
  22  2:07  Gateway  
  22  2:26  Warp Gate (Chrono Boost)  
  22  2:32  Stalker  
  22  2:33  Stalker  
  26  2:38  Probe  
  27  2:58  Nexus  
  27  3:09  Probe  
  28  3:17  Stalker x2  
  32  3:21  Probe  
  33  3:33  Probe  
  30  3:45  Probe  
  17  3:57  Probe (Chrono Boost)  
  11  4:09  Probe (Chrono Boost)  
  13  4:18  Probe x2 (Chrono Boost)  
  13  4:24  Probe  
  14  4:26  Probe  
  16  4:36  Probe  
  15  4:38  Probe  
  15  4:42  Zealot  
  16  4:50  Probe  
  17  5:01  Adept x2  
  10  5:33  Adept  
Show
View Real Time Build Order
Export as new Build Order

tigro Terran 

Build Orders: 2 Factory 

Get SALT Encoding   

  12  0:14  Supply Depot  
  12  0:15  SCV  
  13  0:27  SCV  
  14  0:39  SCV  
  14  0:41  Barracks  
  15  0:49  Refinery  
  15  0:51  SCV  
  16  1:08  SCV  
  17  1:19  Supply Depot  
  17  1:21  SCV  
  18  1:27  Marine  
  19  1:33  SCV  
  19  1:39  Refinery  
  20  1:45  Marine, SCV  
  22  1:57  SCV  
  23  2:01  Factory  
  23  2:03  Marine  
  24  2:09  SCV  
  25  2:16  Engineering Bay  
  25  2:21  Marine, SCV  
  27  2:39  Marine  
  28  2:46  Factory Tech Lab  
  28  2:53  Factory  
  28  2:59  Orbital Command  
  28  3:06  Terran Infantry Weapons Level 1  
  28  3:07  Armory  
  28  3:14  Barracks Tech Lab  
  26  3:45  Command Center, Siege Tank  
  26  3:48  Factory Tech Lab  
  29  3:53  Combat Shield  
  29  4:14  Terran Vehicle Weapons Level 1  
  28  4:34  Marine  
  27  4:52  Marine  
  28  4:59  Refinery  
  25  5:10  Marine, Siege Tank  
  25  5:12  Siege Tank  
  32  5:16  SCV  
  33  5:27  Marine  
  34  5:28  SCV  
  35  5:40  SCV  
  36  5:45  Marine  
  37  5:52  SCV  
  37  5:53  Refinery  
  38  6:04  SCV  
  38  6:09  Marine  
  34  6:14  Thor  
  34  6:17  SCV  
  31  6:29  SCV  
  18  6:41  SCV  
  18  6:53  SCV  
  19  7:05  SCV  
Tags
 
Add a new tag
Caveats
  • Supply blocks, unpowered buildings, or Contaminate may cause inaccurate times.
  • Supply counts are checked every 10 seconds.